[Event "*** MasterClass Titled Tuesday Blitz"]
[Site "Chess.com"]
[Date "2017.12.05"]
[Round "9"]
[White "Sam_ChessMood"]
[Black "Rodalquilar"]
[Result "1-0"]
[WhiteElo "2616"]
[BlackElo "2485"]
[TimeControl "180+2"]
[EndTime "16:13:34 PST"]
[Termination "Sam_ChessMood won by resignation"]

1. e4 Nf6 2. e5 Nd5 3. d4 d6 4.
Nf3 dxe5 5. Nxe5 c6 6. Be2 Bf5 7. O-O Nd7 8. Nf3 e6 9. c4 N5f6 10. Nc3 Ne4 11. Bf4 Bd6 12. Bxd6 Nxd6 13. Qb3 Qc7 14. Rac1 h6 15. Rfd1 O-O 16. h3 Bh7 17. Bf1 Rfe8 18. Qa3 a6 19. b4 Rad8 20. Qb3 Qb8 21.
a4 b5 22. axb5 axb5 23. c5 Ne4 24. Bd3 Ndf6 25. Ne5 Rxd4 26. Nxc6 Qf4 27. Nxe4 Nxe4 28. Nxd4 Qxf2+ 29. Kh1 Qxd4 30. Bxe4 Qxe4 31. c6 Rc8 32. c7 Qa8 33. Qf3 Be4 34. Rd8+ Rxd8 35. cxd8=Q+ Qxd8 36.
Qxe4 g6 37. Qe3 Kh7 38. Qe5 Qh4 39. Rc8 Qe1+ 40. Qxe1 1-0

[Event "*** MasterClass Titled Tuesday Blitz"]
[Site "Chess.com"]
[Date "2017.12.05"]
[Round "9"]
[White "Rhinos1"]
[Black "Colombiano07"]
[Result "0-1"]
[WhiteElo "2035"]
[BlackElo "2201"]
[TimeControl "180+2"]
[EndTime "16:13:39 PST"]
[Termination "Colombiano07 won by checkmate"]

1. e4 e6 2. d3 c5 3. g3 Nc6 4.
Bg2 g6 5. Nf3 Bg7 6. O-O Nge7 7.
c3 O-O 8. Bg5 h6 9. Be3 b6 10.
Nbd2 d5 11. d4 Ba6 12. Re1 cxd4 13. cxd4 dxe4 14. Nxe4 Nd5 15. a3 Rc8 16. Rc1 Na5 17. b4 Nc4 18. Nc3 Ncxe3 19. Rxe3 Nxe3 20. fxe3 Bb7 21. Qd3 Rc7 22. Rf1 Qa8 23. e4 Rfc8 24. Nb5 Bxe4 25.
Nxc7 Bxd3 26. Nxa8 Bxf1 27. Kxf1 Rxa8 28. Ke2 Rd8 29.
Ke3 g5 30. h3 f5 31. g4 Kf7 32. Bf1 Kg6 33. Bd3 h5 34. a4 hxg4 35. hxg4 Kf6 36.
Ne5 Bf8 37. Nc6 Rd7 38. Ne5 Rc7 39. gxf5 exf5 40. b5 Rc3 41. Kd2 Ra3 42. Bc2 Bb4+ 43. Ke2 Bc3 44. Nc6 g4 45. d5 Be5 46. Kf2 f4 47. Nxa7 Ra2 48. Ke2 Rxc2+ 49. Kd3 Rc3+ 50. Ke4 Re3# 0-1

[Event "*** MasterClass Titled Tuesday Blitz"]
[Site "Chess.com"]
[Date "2017.12.05"]
[Round "9"]
[White "pedromartinez91"]
[Black "pastouche06"]
[Result "0-1"]
[WhiteElo "2230"]
[BlackElo "2336"]
[TimeControl "180+2"]
[EndTime "16:13:45 PST"]
[Termination "pastouche06 won on time"]

1. Nf3 d5 2. d4 Nf6 3. c4 e6 4.
Nc3 Be7 5. Bg5 Nbd7 6. cxd5 exd5 7. e3 h6 8. Bh4 c6 9. Qc2 Nh5 10. Bxe7 Qxe7 11. Be2 g6 12. O-O Nb6 13. Ne5 Ng7 14. a3 O-O 15. b4 Be6 16. Qb2 Nf5 17. a4 Nd6 18. a5 Nbc4 19. Bxc4 Nxc4 20. Nxc4 dxc4 21.
b5 Bf5 22. a6 Bd3 23. Rfc1 cxb5 24. Qxb5 bxa6 25. Qxa6 Rfd8 26. g3 Rd6 27. Qa5 h5 28. h4 Qd7 29. Qc5 Kg7 30. Qe5+ f6 31. Qf4 Rb6 32. Qf3 Rd8 33. Ra3 Rdb8 34. Nd5 Rd6 35. Nc3 Rdb6 36. Rca1 R8b7 37. Kh2 Rb3 38. Nd5 f5 39.
Nf4 Rxa3 40. Rxa3 Be4 41. Qd1 Rb1 42. Ne6+ Qxe6 43. Rxa7+ Kh6 0-1

[Event "*** MasterClass Titled Tuesday Blitz"]
[Site "Chess.com"]
[Date "2017.12.05"]
[Round "9"]
[White "tteshan"]
[Black "abubakrtagelsir"]
[Result "1-0"]
[WhiteElo "2033"]
[BlackElo "2262"]
[TimeControl "180+2"]
[EndTime "16:13:50 PST"]
[Termination "tteshan won by resignation"]

1. d4 d5 2. c4 c6 3. Nc3 Nf6 4. e3 a6 5. Nf3 Bg4 6. cxd5 Nxd5 7. Nxd5 Qxd5 8. Be2 e6 9. O-O Bd6 10. h3 h5 11. Nd2 Bxe2 12. Qxe2 Nd7 13. Nf3 Nf6 14. Re1 Ne4 15. Nd2 g5 16. Nxe4 Qxe4 17.
Rd1 h4 18. Qd3 Qxd3 19. Rxd3 f5 20. Bd2 g4 21. hxg4 fxg4 22. Bc3 Rh5 23. e4 Bf4 24. Re1 Kf7 25. g3 hxg3 26. fxg3 Bg5 27. Rf1+ Kg6 28. Kg2 Rah8 29. Kf2 Rh2+ 30. Ke1 R8h3 31. Rf2 Rxf2 32. Kxf2 Rh2+ 33. Kg1 Rc2 34. Kf1 Rh2 35.
d5 exd5 36. exd5 cxd5 37. Rxd5 Rh7 38. Ke2 Rf7 39. Rd6+ Kh5 40. Rd5 Kg6 41. Rd6+ Kh5 42. Rd5 Re7+ 43. Kf2 Kg6 44. Rd6+ Kf7 45. Bd2 Bxd2 46.
Rxd2 Kf6 47. Rd4 Kf5 48. Rf4+ Kg5 49. Rb4 Rf7+ 50. Kg2 Rc7 51. a4 Kf5 52. Rf4+ Kg5 53. Rb4 Rf7 54. Rc4 Rf5 55. Rc8 Rc5 56. Rxc5+ 1-0

[Event "*** MasterClass Titled Tuesday Blitz"]
[Site "Chess.com"]
[Date "2017.12.05"]
[Round "9"]
[White "yurisolo"]
[Black "penguingm1"]
[Result "1-0"]
[WhiteElo "2516"]
[BlackElo "2617"]
[TimeControl "180+2"]
[EndTime "16:14:02 PST"]
[Termination "yurisolo won by resignation"]

1. e4 e5 2. Nf3 Nc6 3. Bb5 a6 4. Ba4 Nf6 5. O-O Be7 6. Re1 b5 7. Bb3 d6 8. c3 O-O 9. h3 Bb7 10. d4 Re8 11. Nbd2 Bf8 12. a3 g6 13. Ba2 Bg7 14. Qc2 a5 15. a4 bxa4 16. Ng5 Re7 17. Qxa4 Qc8 18. Ndf3 h6 19. Nxf7 Rxf7 20. dxe5 Ne8 21.
Bxf7+ Kxf7 22. Qb3+ Kf8 23. Nh4 Ne7 24. Re3 d5 25. exd5 Bxd5 26. Nxg6+ Kf7 27. c4 Be6 28. Nxe7 Kxe7 29. Bd2 Kf7 30. Rxa5 Rxa5 31. Bxa5 Qa6 32. Rf3+ Kg8 33. Qa4 c6 34. b3 Qb7 35. Qb4 Qd7 36. Qc5 Kh7 37. Bc3 Kg8 38. b4 Qb7 39. b5 cxb5 40.
cxb5 Nc7 41. Qe7 Qc8 42. Rg3 Ne8 43. b6 Bd5 44. e6 Qb7 45. Qxe8+ Kh7 1-0

[Event "*** MasterClass Titled Tuesday Blitz"]
[Site "Chess.com"]
[Date "2017.12.05"]
[Round "9"]
[White "HolyInquisitor0001"]
[Black "Grebeniuk-S"]
[Result "0-1"]
[WhiteElo "1676"]
[BlackElo "2399"]
[TimeControl "180+2"]
[EndTime "16:14:03 PST"]
[Termination "Grebeniuk-S won by resignation"]

1. e4 c5 2. Nc3 Nc6 3. g3 g6 4. Bg2 Bg7 5. Nge2 e6 6. O-O Nge7 7. d3 O-O 8. f4 d5 9. Kh1 Rb8 10. g4 d4 11. Na4 b6 12. c3 dxc3 13. bxc3 f5 14. gxf5 exf5 15. e5 Ba6 16. Rf3 Qd7 17.
Nb2 Rbd8 18. Ng1 Kh8 19. Rh3 Nd5 20. Bd2 Bb7 21. Qf3 Na5 22. Qe2 Ba6 23. c4 Nb4 24.
Bxb4 cxb4 25. Rd1 Nc6 26. Qe1 Qe7 27. Bd5 Nd4 28. Nf3 Nxf3 29. Bxf3 Bb7 30. Qf1 Rd4 31.
Bxb7 Qxb7+ 32. Qf3 Qa6 33. Qg3 Kg8 34. Qh4 h6 35.
Qe7 Rf7 36. Qe8+ Bf8 37. e6 Qb7+ 38. Kg1 Rg7 39. Rxh6 Qe7 40. Qxe7 Bxe7 41. Kf2 Bc5 42. Kf3 g5 43. Rg1 Rxf4+ 44. Ke2 Bxg1 45. Kd2 Bc5 46. Rf6 Re7 47. Na4 Kg7 48. Rf7+ Rxf7 49. exf7 Kxf7 50. Nxc5 bxc5 0-1

[Event "*** MasterClass Titled Tuesday Blitz"]
[Site "Chess.com"]
[Date "2017.12.05"]
[Round "9"]
[White "Bryakin_Mikhail"]
[Black "saikrishnaReturns"]
[Result "1-0"]
[WhiteElo "2550"]
[BlackElo "2419"]
[TimeControl "180+2"]
[EndTime "16:14:05 PST"]
[Termination "Bryakin_Mikhail won by checkmate"]

1. d4 Nf6 2. c4 g6 3. Nc3 Bg7 4. e4 d6 5. h3 O-O 6. Be3 e5 7. d5 Na6 8. Nf3 Nc5 9. Nd2 Nh5 10. b4 Na6 11. a3 Qe8 12. Qc2 f5 13. Nb3 f4 14.
Bd2 g5 15. f3 Ng3 16. Rg1 h5 17. Bd3 g4 18. hxg4 hxg4 19. O-O-O c5 20. bxc5 dxc5 21. Be1 b6 22. Nb5 Bd7 23. Bxg3 fxg3 24. Nd6 Qe7 25.
Nf5 Bxf5 26. exf5 b5 27. fxg4 Qg5+ 28. Kb1 Qxg4 29. cxb5 e4 30. Bc4 Qxf5 31. bxa6 Rab8 32. Ka2 Qe5 33. d6+ Kh7 34. Rd5 Rf2 35. Rd2 Kg6 36.
d7 Qc3 37. Qxe4+ Kg5 38. Qd5+ Kg4 39. Qe6+ Kg5 40. Qd5+ Kg4 41. Rxf2 gxf2 42. Qf3+ Kg5 43. Qxc3 Bxc3 44. Rd1 Bf6 45. Rd5+ Kf4 46. Rxc5 Rg8 47. Bf1 Rd8 48. Rd5 Kg3 49. Nc5 Kh2 50. Nb7 Rb8 51.
d8=Q Bxd8 52. Rxd8 Kg1 53. Rxb8 Kxf1 54. g4 Ke1 55. Rf8 Kd1 56. Rxf2 Kc1 57. Rb2 Kd1 58. g5 Kc1 59. g6 Kd1 60. g7 Ke1 61. g8=Q Kf1 62.
Qg2+ Ke1 63. Qg1# 1-0

[Event "*** MasterClass Titled Tuesday Blitz"]
[Site "Chess.com"]
[Date "2017.12.05"]
[Round "9"]
[White "VladDobrov"]
[Black "Tash_Boy"]
[Result "1-0"]
[WhiteElo "2606"]
[BlackElo "2437"]
[TimeControl "180+2"]
[EndTime "16:14:11 PST"]
[Termination "VladDobrov won by resignation"]

1. d4 Nf6 2. c4 g6 3. Nc3 Bg7 4. Nf3 O-O 5. g3 d6 6. Bg2 Nbd7 7. O-O e5 8. h3 Re8 9. e4 exd4 10. Nxd4 a6 11. Be3 Rb8 12. a4 Ne5 13. b3 c5 14.
Nde2 Be6 15. Qc2 Qc8 16. Kh2 Nc6 17. Rad1 Rd8 18. Rd2 Qc7 19. Rfd1 Rd7 20. Nf4 Re8 21. f3 h5 22. h4 Rdd8 23. Nh3 Nh7 24. Ng5 Nxg5 25. Bxg5 Nd4 26. Rxd4 Bxd4 27. Bxd8 Rxd8 28. Ne2 Bg7 29. Nf4 Qe7 30. Bh3 Bxh3 31. Kxh3 Be5 32. Nd5 Qe6+ 33. Kg2 Kh7 34. Re1 Bd4 35. a5 Rf8 36.
Qd2 Kg7 37. b4 Kh7 38. b5 Kg7 39. bxa6 bxa6 40. Rb1 Qd7 41. Qc2 f5 42. exf5 Rxf5 43. Re1 Rf7 44. Nf4 Rf6 45. Qe4 Be5 46. Rb1 Kh6 47. Rb7 Qa4 48. Nd5 Qa2+ 49. Kh3 Qa1 50.
f4 Bd4 51. Nxf6 Qf1+ 52. Qg2 Qxg2+ 53. Kxg2 Bxf6 54. Rb6 1-0

[Event "*** MasterClass Titled Tuesday Blitz"]
[Site "Chess.com"]
[Date "2017.12.05"]
[Round "9"]
[White "AbdAlAgathos"]
[Black "juniortay"]
[Result "0-1"]
[WhiteElo "2303"]
[BlackElo "2328"]
[TimeControl "180+2"]
[EndTime "16:14:15 PST"]
[Termination "juniortay won by resignation"]

1. e4 e5 2. Nf3 Nf6 3. Nxe5 Nc6 4. Nxc6 dxc6 5. Nc3 Bc5 6. Be2 Qd4 7. O-O h5 8.
d3 Ng4 9. Bxg4 hxg4 10. Bf4 Be6 11. Qd2 O-O-O 12. a3 f6 13. b4 Bd6 14. Ne2 Bxf4 15.
Qxf4 Qb2 16. Rfc1 g5 17. Qg3 Rh4 18. Rab1 Qe5 19. Qxe5 fxe5 20. Ng3 Rf8 21. Re1 Kd7 22. Re2 b5 23. Nf1 a5 24. Ne3 Ra8 25. c4 axb4 26.
axb4 Ra3 27. Rd2 Rh8 28. cxb5 cxb5 29. d4 exd4 30. Rxd4+ Ke7 31. Rc1 Rha8 32. Rxc7+ Kf6 33. Rc1 Ra1 34. Rdd1 R1a2 35. Nd5+ Ke5 36. Rc5 Kxe4 37.
Re1+ Kd3 38. g3 Ra1 39. Rxa1 Rxa1+ 40. Kg2 Kd4 41. Ne3 Rb1 42. Rxb5 Kc3 43. Rxg5 Bd7 44. Nxg4 Rxb4 45. Ne3 Bc6+ 46. Kf1 Kd3 47. Ke1 Rb1+ 48. Nd1 Bf3 49. Rd5+ Bxd5 0-1

[Event "*** MasterClass Titled Tuesday Blitz"]
[Site "Chess.com"]
[Date "2017.12.05"]
[Round "9"]
[White "bascheyaro"]
[Black "Khamrakulov_Djurabek"]
[Result "1-0"]
[WhiteElo "2633"]
[BlackElo "2649"]
[TimeControl "180+2"]
[EndTime "16:14:20 PST"]
[Termination "bascheyaro won by checkmate"]

1. d4 Nf6 2. c4 e6 3. Nf3 c5 4. e3 cxd4 5. exd4 d5 6. Nc3 Bb4 7. Bg5 Bxc3+ 8. bxc3 Qa5 9. Bd2 Ne4 10. Bd3 Nxd2 11.
Qxd2 dxc4 12. Bxc4 b6 13. d5 Ba6 14. Bxa6 Qxa6 15.
dxe6 fxe6 16. Qd6 Qc4 17. O-O-O Nc6 18. Qd7+ Kf8 19. Qd6+ Kg8 20. Kb2 Qb5+ 21. Ka1 Qc4 22. Rd3 h6 23. Nd2 Qc5 24. Qxe6+ Kh7 25. Qe4+ Kg8 26. Nb3 Qb5 27. Rd5 Qa6 28. Qe6+ Kh7 29. Qxc6 Rac8 30. Qe6 Rhe8 31. Qf5+ Kh8 32. Qd3 Qa4 33.
Rd1 a6 34. Kb2 Qg4 35. Qg3 Qe6 36. Rd7 Qf6 37. R7d6 Qf5 38. R6d5 Qf8 39. R1d2 a5 40. a4 Re4 41. Qd3 Ree8 42. Rd7 Qf6 43. Qd4 Qg6 44. Rd6 Qxg2 45. Rxh6+ Kg8 46. Rh4 Red8 47. Qxd8+ Rxd8 48. Rxd8+ Kf7 49. Rf4+ Ke7 50. Rd3 Qxh2 51. Re3+ Kd6 52. Rd4+ Kc6 53. Re6+ Kc7 54. Re7+ Kc6 55. Rd2 Qh8 56.
Nd4+ Kd5 57. Nf5+ Kc5 58. Rc7# 1-0

[Event "*** MasterClass Titled Tuesday Blitz"]
[Site "Chess.com"]
[Date "2017.12.05"]
[Round "9"]
[White "Mistheoretical"]
[Black "Vojtastr"]
[Result "0-1"]
[WhiteElo "2260"]
[BlackElo "2395"]
[TimeControl "180+2"]
[EndTime "16:14:27 PST"]
[Termination "Vojtastr won by checkmate"]

1. d4 Nf6 2. Bg5 e6 3. Nd2 h6 4.
Bh4 c5 5. e4 Be7 6. e5 Nd5 7.
Bxe7 Qxe7 8. Ne4 O-O 9. Nxc5 b6 10. Nd3 Nc6 11. c3 d6 12. exd6 Qxd6 13. Nf3 Nf4 14. Nxf4 Qxf4 15. Be2 Bb7 16. O-O Rad8 17. Qc1 Qf6 18.
Qe3 Rfe8 19. Rad1 g5 20. Bb5 a6 21. Ba4 b5 22. Bb3 Ne7 23. Ne5 Nf5 24. Qe2 Qg7 25.
Rfe1 Kh8 26. Qh5 Re7 27. f3 Nh4 28. Kf2 Nf5 29. Bc2 Nd6 30. Bd3 Kg8 31. Ng4 f5 32. Ne5 Bd5 33. b3 Rc7 34. Rc1 Rdc8 35.
c4 bxc4 36. bxc4 Nxc4 37. Bxc4 Bxc4 38. Rc2 Bb5 39. Rxc7 Rxc7 40. Kg1 Rc8 41. h4 Be8 42. Qxe8+ Rxe8 43. hxg5 hxg5 44. Rc1 Qa7 45. Rd1 Qb6 46. Rd2 Rd8 47. Nc4 Qb4 48. Rc2 Rxd4 49. Ne3 Rd7 50. Kh2 Qf4+ 51. g3 Qxe3 52. Rc8+ Kg7 53. Rc2 Rd2+ 54. Rxd2 Qxd2+ 55. Kh3 Qf2 56. g4 f4 57. a4 Qg3# 0-1

[Event "*** MasterClass Titled Tuesday Blitz"]
[Site "Chess.com"]
[Date "2017.12.05"]
[Round "9"]
[White "OparinGrigoriy"]
[Black "dusanacns"]
[Result "1/2-1/2"]
[WhiteElo "2715"]
[BlackElo "2619"]
[TimeControl "180+2"]
[EndTime "16:14:39 PST"]
[Termination "Game drawn - insufficient material"]

1. Nf3 d6 2. g3 g6 3. Bg2 Bg7 4. c4 Nf6 5. Nc3 O-O 6. O-O Nc6 7. d3 e5 8. Rb1 a5 9. b3 Nd4 10. Nxd4 exd4 11. Nb5 Ng4 12. h3 c6 13. Nxd4 Bxd4 14.
hxg4 Bxg4 15. Qd2 Bg7 16. Bb2 Re8 17. Bxg7 Kxg7 18. e4 c5 19. d4 cxd4 20. Qxd4+ Qf6 21. Qxf6+ Kxf6 22. f3 Be6 23. Kf2 a4 24. Rb2 h5 25.
Rd1 Ke7 26. Bf1 axb3 27. axb3 Ra3 28. Be2 Rea8 29. Rdd2 Ra1 30. b4 Rh1 31. c5 Rd8 32. cxd6+ Rxd6 33. Rxd6 Kxd6 34. Rd2+ Kc7 35. Rc2+ Kd6 36. f4 Rb1 37. e5+ Kd7 38. b5 Bd5 39.
Rc5 Ke6 40. Rc8 Rb2 41. Ke3 Rb3+ 42. Bd3 Kd7 43. Rc5 Bg2 44. Kd4 Ra3 45. Bc4 Rxg3 46. Bxf7 h4 47. Bd5 h3 48. b6 Bxd5 49. Kxd5 Rd3+ 50.
Ke4 Rd1 51. Rc7+ Ke6 52. Rh7 Re1+ 53. Kf3 Rb1 54. Rxh3 Rxb6 55. Rh7 Rb1 56. Rg7 Rf1+ 57. Kg3 Kf5 58. Rf7+ Ke4 59. Rxb7 Rf3+ 60. Kg4 Rxf4+ 61.
Kg5 Rf5+ 62. Kxg6 Rxe5 63. Rb4+ Kf3 64. Kf6 Re4 65. Rxe4 Kxe4 1/2-1/2

[Event "*** MasterClass Titled Tuesday Blitz"]
[Site "Chess.com"]
[Date "2017.12.05"]
[Round "9"]
[White "Margency"]
[Black "MFBerna"]
[Result "1-0"]
[WhiteElo "2485"]
[BlackElo "2293"]
[TimeControl "180+2"]
[EndTime "16:14:43 PST"]
[Termination "Margency won by resignation"]

1. e4 c5 2. Nf3 e6 3. d4 cxd4 4. Nxd4 Nc6 5. Nc3 Qc7 6. Be3 a6 7. Qd2 Nf6 8. O-O-O Bb4 9. f3 O-O 10. a3 Ba5 11. Nb3 Bxc3 12. Qxc3 d5 13. Bg5 dxe4 14. Bxf6 Qf4+ 15. Kb1 Qxf6 16. Qxf6 gxf6 17. fxe4 b6 18. Be2 Ne5 19. Rd6 Rb8 20. Rhd1 a5 21. Nd4 Bd7 22. Nf3 Bc8 23. Nxe5 fxe5 24. Bf3 Ba6 25. b3 Rfc8 26. Kb2 Rc7 27. R1d2 Bb5 28. c4 Bc6 29. b4 axb4 30. axb4 Kf8 31. Kb3 Ke7 32. R6d3 Ra8 33. Ra2 Rxa2 34.
Kxa2 f5 35. Re3 Kf6 36. Kb3 Rd7 37. b5 Bb7 38. Kb4 Rd4 39. Kc3 Bxe4 40. Bxe4 fxe4 41.
Rh3 Kg6 42. Rg3+ Kf6 43. Rg8 e3 44. Rg3 Re4 45. Rf3+ Kg5 46. Rf1 e2 47. Re1 Kf4 48. Kd3 Re3+ 49. Kd2 Re4 50. Kd3 Rd4+ 51. Kxe2 Rxc4 52.
Rf1+ Ke4 53. Rf6 Rc2+ 54. Kf1 Rc1+ 55. Ke2 Rc2+ 56. Kf1 Ke3 57. g4 Rc1+ 58. Kg2 Rc2+ 59. Kg3 Rc5 60. Rxe6 Rxb5 61. g5 e4 62. h4 Rb1 63. h5 Rg1+ 64. Kh4 Rh1+ 65. Kg4 b5 66. g6 hxg6 67. hxg6 Rg1+ 68. Kf5 b4 69. Rxe4+ Kf3 70. Rxb4 1-0

[Event "*** MasterClass Titled Tuesday Blitz"]
[Site "Chess.com"]
[Date "2017.12.05"]
[Round "9"]
[White "Blitz-rider"]
[Black "MultiWebCreation"]
[Result "1-0"]
[WhiteElo "1972"]
[BlackElo "1330"]
[TimeControl "180+2"]
[EndTime "16:14:53 PST"]
[Termination "Blitz-rider won by resignation"]

1. e4 e5 2. Nf3 Nc6 3. Bc4 Be7 4. d4 exd4 5. Nxd4 Nxd4 6. Qxd4 Bf6 7. e5 Be7 8. e6 Nf6 9. exf7+ Kf8 10. O-O c5 11. Qf4 a6 12. Qh6 d5 13. Qf4 dxc4 14. Qxc4 Qd5 15.
Qf4 Bd6 16. Qh4 Qh5 17. Qxh5 Nxh5 18. Be3 Kxf7 19. Nc3 Re8 20. Rad1 Rd8 21. Bxc5 Ke7 22. Rfe1+ Be6 23. Nd5+ Kf7 24. Rxe6 Kxe6 25. Bxd6 Rxd6 26. Nc7+ Kd7 27. Rxd6+ Kxd6 28. Nxa8 Nf4 29. Nb6 Ne2+ 30.
Kf1 Nd4 31. c3 Nc6 32. Ke2 Kc5 33. Nd7+ Kd6 34. Nb6 Kc5 35. Na4+ Kb5 36. b3 Ne5 37. Nb2 Ng4 38. c4+ Kb4 39. f3 Ne5 40. Nd3+ Nxd3 41.
Kxd3 Ka3 42. Kc3 Kxa2 43. b4 Ka3 44. c5 Ka4 45. Kc4 a5 46. bxa5 Kxa5 47. h4 Ka6 48. g4 Ka7 49. f4 Kb8 50. Kb5 Kc7 51. f5 h6 52. g5 hxg5 53. hxg5 Kb8 54. f6 gxf6 55.
gxf6 1-0

[Event "*** MasterClass Titled Tuesday Blitz"]
[Site "Chess.com"]
[Date "2017.12.05"]
[Round "9"]
[White "evgenysharapov"]
[Black "Gattass"]
[Result "1-0"]
[WhiteElo "2317"]
[BlackElo "2124"]
[TimeControl "180+2"]
[EndTime "16:14:54 PST"]
[Termination "evgenysharapov won by resignation"]

1. e4 c5 2. Nf3 Nc6 3. d4 cxd4 4. Nxd4 Nf6 5. Nc3 e5 6. Ndb5 d6 7. Bg5 a6 8. Na3 b5 9. Nd5 Be7 10. Bxf6 Bxf6 11. c3 O-O 12. Nc2 Rb8 13. a3 Be6 14. Ncb4 Bxd5 15. Nxd5 Bg5 16. Bd3 Qd7 17. O-O Ne7 18.
Nxe7+ Bxe7 19. Bc2 Kh8 20. Bb3 g6 21. Qd5 f5 22.
Rad1 Qc7 23. Bc2 a5 24. Rd3 f4 25. Rfd1 b4 26. axb4 axb4 27. Ba4 bxc3 28. Rxc3 Qb7 29. Qxb7 Rxb7 30. b3 Kg7 31. Kf1 Kf6 32. f3 Rfb8 33. Ke2 Rb4 34. Rc7 Ke6 35. Bc6 Kf6 36. Bd5 R4b5 37. Ra1 Rxb3 38. Bxb3 Rxb3 39. Raa7 Rb2+ 40. Kd3 Rxg2 41. Rxe7 Rf2 42. Rxh7 Rxf3+ 43. Kd2 Re3 44. Raf7+ Kg5 45. h4+ Kg4 46. Rf6 Rxe4 47. Rxg6+ Kf3 48.
Rxd6 Re2+ 49. Kc3 e4 50. h5 e3 51. h6 Rh2 52. Re7 Ke2 53. h7 Kf1 54. Rd8 e2 55.
h8=Q Rxh8 56. Rxh8 e1=Q+ 57. Rxe1+ Kxe1 58. Rf8 1-0

[Event "*** MasterClass Titled Tuesday Blitz"]
[Site "Chess.com"]
[Date "2017.12.05"]
[Round "9"]
[White "chessking2151"]
[Black "saraswathii"]
[Result "1-0"]
[WhiteElo "2358"]
[BlackElo "2297"]
[TimeControl "180+2"]
[EndTime "16:14:54 PST"]
[Termination "chessking2151 won by resignation"]

1. e4 c5 2. Nf3 e6 3. d4 cxd4 4.
Nxd4 Nf6 5. Nc3 Nc6 6. Ndb5 Bb4 7.
a3 Bxc3+ 8. Nxc3 d5 9. exd5 exd5 10. Bd3 d4 11. Ne2 O-O 12. O-O Qd5 13. Nf4 Qd6 14.
Nh5 Nxh5 15. Qxh5 h6 16. Bd2 Bd7 17. f4 f5 18. Rae1 Rae8 19. Rxe8 Bxe8 20. Qf3 Bd7 21. Re1 a6 22. Bc4+ Kh7 23. Qd5 Qxd5 24. Bxd5 Rc8 25. c3 dxc3 26. Bxc3 Rc7 27. Kf2 Kg6 28. Bf3 b5 29. Rd1 Be8 30. Rd6+ Kf7 31. Rd5 Ne7 32. Rd6 Nc6 33. Rd2 Ne7 34. Ba5 Rc4 35. b3 Rc1 36. Bb4 Nc6 37. Bd6 Rc3 38. Bd5+ Kg6 39. g3 Bf7 40. Bf3 Bxb3 41. Bf8 Kf7 42. Bd6 Be6 43.
Bh5+ g6 44. Bf3 Ne7 45. Bb4 Rc1 46. Rd6 Rc2+ 47. Kg1 a5 48. Bxa5 Nc8 49. Rc6 Ra2 50. Rc7+ Kf8 51. Bb4+ Kg8 52. Bb7 Nb6 53. Rc6 Nc4 54.
Rxe6 Nxa3 55. Rxg6+ Kh7 56. Ra6 Ra1+ 57. Kg2 Nc2 58.
Rxa1 Nxa1 59. Bc6 Nc2 60. Bd2 b4 61. Ba4 Nd4 62. Bxb4 1-0

[Event "*** MasterClass Titled Tuesday Blitz"]
[Site "Chess.com"]
[Date "2017.12.05"]
[Round "9"]
[White "JusticeBot"]
[Black "RaphaeI"]
[Result "0-1"]
[WhiteElo "2538"]
[BlackElo "2525"]
[TimeControl "180+2"]
[EndTime "16:15:07 PST"]
[Termination "RaphaeI won by resignation"]

1. e4 e6 2. d4 d5 3. Nd2 c5 4. exd5 Qxd5 5. Ngf3 cxd4 6. Bc4 Qd6 7. O-O Nf6 8. Nb3 Nc6 9. Nbxd4 Nxd4 10. Qxd4 Qxd4 11. Nxd4 Bd7 12. Re1 Bc5 13. Be3 Rc8 14. Bb3 Ng4 15.
Nf5 Nxe3 16. Nxe3 O-O 17. Rad1 Bc6 18. Nc4 Rfd8 19. Na5 Rxd1 20. Rxd1 Be4 21. c3 b6 22. Nc4 Bc6 23. Ne5 Bb5 24. a4 Be8 25. Nd7 Be7 26. Ne5 Rc7 27. Kf1 Kf8 28. Nf3 Bf6 29. Nd4 Rc5 30. f4 h5 31. g3 Ke7 32. Ke2 g5 33.
Ke3 Ra5 34. Bc2 h4 35. b4 Rd5 36. Be4 Rd8 37. a5 gxf4+ 38. gxf4 Rc8 39. axb6 axb6 40.
Rd3 Bg7 41. Bb7 Rc7 42. Ba6 Bh6 43. Ke4 f6 44. Re3 Bg6+ 45. Kf3 e5 46. fxe5 Bxe3 47. exf6+ Kxf6 48. Kxe3 Rxc3+ 49. Kf4 Rh3 50. Nf3 Bh5 51. Ng5 Rxh2 52. Ne4+ Ke7 53. Bb7 Bg6 54. Nc3 Rb2 55. Kg5 Bf7 56. Kxh4 Rxb4+ 57. Kg5 Kd6 58. Ne4+ Kc7 59.
Kf6 Kxb7 60. Nd6+ Kc6 61. Nxf7 Rf4+ 62. Ke6 Rxf7 63. Kxf7 b5 64. Ke6 b4 65. Ke5 b3 66.
Kd4 b2 67. Kc3 b1=Q 68. Kc4 Qe4+ 0-1

[Event "*** MasterClass Titled Tuesday Blitz"]
[Site "Chess.com"]
[Date "2017.12.05"]
[Round "9"]
[White "likantrophuss"]
[Black "nurmiTV"]
[Result "1-0"]
[WhiteElo "2462"]
[BlackElo "2457"]
[TimeControl "180+2"]
[EndTime "16:15:08 PST"]
[Termination "likantrophuss won on time"]

1. Nf3 g6 2. g3 Bg7 3. Bg2 c5 4. O-O Nc6 5. c4 e6 6. Nc3 Nge7 7. d3 O-O 8. Bg5 h6 9. Bxe7 Qxe7 10. Nd2 d6 11. Rb1 Rd8 12. e3 a6 13. Qe2 Rb8 14. Rfc1 Qc7 15. a3 Ne7 16. b4 b6 17. Nb3 Bd7 18. h3 Rdc8 19. Qd2 Qa7 20. bxc5 bxc5 21. Na5 Qc7 22. Ne2 Rxb1 23. Rxb1 Rb8 24. Rxb8+ Qxb8 25. d4 cxd4 26. exd4 Qb1+ 27. Kh2 Qb6 28. c5 Qc7 29.
Nb7 dxc5 30. dxc5 Nf5 31. Qa5 Qe5 32. Qd8+ Kh7 33. Nf4 Bb5 34. c6 Bf6 35. Qf8 Qc7 36. Nxe6 fxe6 37. Qxf6 Bxc6 38. Bxc6 Qxc6 39. Qf7+ Ng7 40.
Nd8 Qe4 41. h4 h5 42. Qf6 Qf5 43. Qd4 e5 44. Qc5 e4 45. Qd4 a5 46. a4 Qf3 47.
Nc6 Qd3 48. Qb6 Qc2 49. Ne5 e3 50. Qxe3 Qxa4 51. Nf7 Qg4 52. Ng5+ Kh6 53. Qd2 Qf5 54.
f3 a4 55. Qd8 Qc2+ 56. Kh3 Qf5+ 57. Kg2 Qc2+ 58. Kg1 Qb1+ 59. Kh2 Qb2+ 60. Kh3 Nf5 61. Nf7+ Kh7 62. Ng5+ Kg7 63. Qd7+ Kf6 64. Qe6+ Kg7 65. Qf7+ 1-0

[Event "*** MasterClass Titled Tuesday Blitz"]
[Site "Chess.com"]
[Date "2017.12.05"]
[Round "9"]
[White "Indianlad"]
[Black "tigra"]
[Result "0-1"]
[WhiteElo "2599"]
[BlackElo "2658"]
[TimeControl "180+2"]
[EndTime "16:15:26 PST"]
[Termination "tigra won on time"]

1. e4 c5 2. Nf3 g6 3. h4 d6 4. d4 cxd4 5. h5 e5 6. hxg6 fxg6 7. c3 Nc6 8. Bc4 Nf6 9. Ng5 Qb6 10. Na3 Be7 11. Bf7+ Kf8 12. Nc4 Qa6 13. Be6 Bxe6 14. Nxe6+ Kf7 15. Ng5+ Ke8 16. Qb3 Nd8 17. cxd4 Rc8 18.
Na3 exd4 19. Bd2 Rc5 20. Rc1 Qc6 21. Rxc5 dxc5 22. O-O h6 23. Nf3 Nxe4 24. Nc4 Nf7 25. Re1 Nxd2 26. Ncxd2 Kf8 27. Re6 c4 28. Qxc4 Qxc4 29.
Nxc4 Ng5 30. Nxg5 Bxg5 31. Ne5 Rh7 32. f4 Bd8 33. Nxg6+ Kg7 34. Ne5 Rh8 35. Rg6+ Kh7 36. Rd6 Rf8 37. Rd7+ Kg8 38. g3 Bb6 39. Kg2 Rd8 40.
Rxd8+ Bxd8 41. Kf3 h5 42. Ke4 Kg7 43. Nf3 d3 44. Kxd3 Bb6 45. Ke4 Bf2 46. Nh4 Kf6 47. Kf3 Bd4 48. b3 b5 49. g4 hxg4+ 50. Kxg4 a5 51.
Kf3 a4 52. Ke4 axb3 53. axb3 Bc3 54. Nf5 Bb2 55. Nd6 b4 56. Nf5 Bc3 57. Ne3 Bd2 58. Nd5+ Ke6 59. f5+ Kd6 0-1